 Dungeon Crawl Stone Soup version 0.29.1-15-g9cfb28693d (webtiles) character file.

Game seed: 14600150258233045799

42 Peloso the Shield-Bearer (level 3, 0/33 HPs)
             Began as a Minotaur Fighter on Feb 21, 2023.
             Frozen to death by an endoplasm (4 damage)
             ... on level 2 of the Dungeon on Feb 22, 2023.
             The game lasted 00:02:38 (1425 turns).

Peloso the Shield-Bearer (Minotaur Fighter)         Turns: 1425, Time: 00:02:39

Health: 0/33       AC:  7    Str: 20    XL:     3   Next: 35%
Magic:  2/2        EV:  9    Int:  5    God:
Gold:   118        SH:  4    Dex: 11    Spells: 2/2 levels left

rFire   . . .      SeeInvis .   a - +0 long sword
rCold   . . .      Faith    .   c - +0 buckler
rNeg    . . .      Spirit   .   b - +0 scale mail
rPois   .          Reflect  .   (helmet restricted)
rElec   .          Harm     .   (no cloak)
rCorr   .          Rampage  .   (no gloves)
Will    .....                   (no boots)
Stlth   ..........              (no amulet)
HPRegen 0.11/turn               (no ring)
MPRegen 0.08/turn               (no ring)

@: no status effects
A: horns 2, retaliatory headbutt
a: no special abilities


You were on level 2 of the Dungeon.
You visited 1 branch of the dungeon, and saw 2 of its levels.

You collected 118 gold pieces.

Inventory:

Hand Weapons
 a - a +0 long sword (weapon)
Armour
 b - a +0 scale mail (worn)
 c - a +0 buckler (worn)
Potions
 d - a potion of might
 f - a potion of flight


   Skills:
 + Level 4.0 Fighting
 + Level 3.2 Long Blades
 + Level 3.9 Armour
 + Level 4.3 Shields


You had 2 spell levels left.
You didn't know any spells.
Your spell library was empty.

Dungeon Overview and Level Annotations

Branches:
Dungeon (2/15)

Altars:

Annotations:
D:2 Terence


Innate Abilities, Weirdness & Mutations

You have a pair of horns on your head.
You reflexively headbutt those who attack you in melee.


Message History

(D) Dungeon
Where to? (? - help)
What level of the Dungeon? (default 1, ? - help)
There is an open door here.
You open the door.
There is an open door here.
There is a stone staircase leading down here.
You climb downwards.
Found a stone staircase leading down.
There is a stone staircase leading up here.
Terence is nearby!
An endoplasm comes into view.
The endoplasm quivers.
You hit Terence but do no damage. Terence hits you but does no damage.
You completely miss Terence. Terence hits you with a +0 flail!
You barely miss Terence. Your headbutt misses Terence.
Terence hits you with a +0 flail.
You hit Terence but do no damage. Terence looks scornfully at you.
Terence hits you with a +0 flail.
You slash Terence!
Terence is heavily wounded.
Terence completely misses you. You block Terence's attack.
The endoplasm hits you but does no damage.
You hit Terence but do no damage. You headbutt Terence!
Terence is almost dead.
You block the endoplasm's attack. Terence hits you with a +0 flail!
You hit Terence. Your headbutt misses Terence.
Terence is almost dead.
The endoplasm closely misses you. Terence screams, "I want your blood!"
Terence hits you but does no damage.
You hit Terence but do no damage.
Terence is almost dead.
The endoplasm hits you but does no damage.
Terence hits you with a +0 flail!
* * * LOW HITPOINT WARNING * * *
The endoplasm freezes you.
You are frozen.
You die...

#... ...
#.. ... #..
.. #....
#.#. #..
#.#
.#.#.###<#
......@@.#
......J..#
.........#
.........#
.....>....
.........##
#...#....#
###..###.#


You could see Terence and an endoplasm.

Vanquished Creatures
  4 dart slugs (D:1)
  4 ball pythons (D:1)
  2 bats (D:1)
  4 endoplasms (D:1)
  2 giant cockroaches (D:1)
  2 hobgoblins (D:1)
  3 quokkas (D:1)
  7 frilled lizards (D:1)
  3 kobolds (D:1)
  2 rats (D:1)
33 creatures vanquished.

Notes
Turn   | Place    | Note
-------+----------+-------------------------------------------
     0 | D:1      | Peloso the Minotaur Fighter began the quest for the Orb.
     0 | D:1      | Reached XP level 1. HP: 19/19 MP: 0/0
   153 | D:1      | Found a faded altar of an unknown god.
   169 | D:1      | Reached XP level 2. HP: 27/27 MP: 1/1
   591 | D:1      | Reached XP level 3. HP: 33/33 MP: 2/2
  1416 | D:2      | Noticed Terence
  1425 | D:2      | Frozen to death by an endoplasm

Illustrated notes

Levels and vault maps discovered:
D:1:      dpeg_arrival_round_c, layout_loops_corners,
          hellmonk_ecumenical_altar_pennies_from_heaven, minmay_cut_off
D:2:      wad_pebble_path, layout_rooms, uniq_terence

Skill      XL: |  1  2  3 |
---------------+----------+-----
Shields        | 4 |  4.3
Long Blades    | 3 |  3.2
Fighting       | 4 |  4.0
Armour         | |  3.9

Action                   || total
-------------------------++-------
Melee: Long sword        ||    83
       Headbutt          ||    11
  Use: Scroll            ||     2
       Potion            ||     3
Armor: Scale mail        ||    45
Dodge: Dodged            ||    39
Block: Buckler           ||    20
